 Dungeon Crawl Stone Soup version 0.30-a0-122-g2a1322497e (webtiles) character file.

Game seed: 3311483280749082891

3 Dreamer the Sneak (level 1, 0/21 HPs)
             Began as a Naga Delver on Sept 15, 2022.
             Killed from afar by an orc wizard (4 damage)
             ... with a puff of flame
             ... on level 3 of the Dungeon.
             The game lasted 00:01:07 (213 turns).

Dreamer the Sneak (Naga Delver)                      Turns: 213, Time: 00:01:08

Health: 0/21       AC:  5    Str: 14    XL:     1   Next: 50%
Magic:  1/1        EV:  7    Int: 10    God:
Gold:   48         SH:  0    Dex: 12    Spells: 0/0 levels left

rFire   . . .      SeeInvis +    a - +0 short sword
rCold   . . .      Faith    .    (no shield)
rNeg    . . .      Spirit   .    b - +0 leather armour
rPois   +          Reflect  .    (no helmet)
rElec   .          Harm     .    (no cloak)
rCorr   .          Rampage  .    (no gloves)
Will    .....                    h - +0 barding
Stlth   +++.......               (no amulet)
HPRegen 0.07/turn                (no ring)
MPRegen 0.07/turn                (no ring)

@: very slow
A: AC +0, large, see invisible, deformed body, poison resistance, slowness 2,
spit poison 1, naga tail 1
a: Spit Poison


You were on level 3 of the Dungeon.
You visited 1 branch of the dungeon, and saw 3 of its levels.

You collected 48 gold pieces.

Inventory:

Hand Weapons
 a - a +0 short sword (weapon)
Armour
 b - a +0 leather armour (worn)
 h - a +0 barding (worn)
Wands
 g - a wand of digging (3)
Scrolls
 c - a scroll of fog
 d - a scroll of magic mapping
 e - a scroll of fear
Potions
 f - 3 potions of haste


   Skills:
 - Level 3.0 Fighting
 + Level 2.1 Short Blades
 - Level 1.5 Dodging
 + Level 7.4 Stealth


You couldn't memorise any spells.
You didn't know any spells.
Your spell library was empty.

Dungeon Overview and Level Annotations

Branches:
Dungeon (5/15)
 Temple: D:4-7

Altars:


Innate Abilities, Weirdness & Mutations

Your serpentine skin is tough. (AC +0)
You have supernaturally acute eyesight. (SInv)
Armour fits poorly on your strangely shaped body.
Your system is resistant to poisons. (rPois)
You cover ground very slowly.
You can spit poison.
You have a snake-like lower body.


Message History

The orc wizard closely misses you. The ball python completely misses you.
You hit the orc wizard but do no damage.
The orc wizard is moderately wounded.
The ball python bites you but does no damage.
The orc wizard barely misses you.
You closely miss the orc wizard.
The orc wizard is moderately wounded.
The ball python bites you.
The orc wizard hits you with a +0 dagger.
You hit the orc wizard but do no damage.
The orc wizard is moderately wounded.
The ball python bites you.
The orc wizard hits you but does no damage.
You hit the orc wizard.
The orc wizard is heavily wounded.
The ball python closely misses you.
You closely miss the orc wizard.
The orc wizard is heavily wounded.
The orc wizard hits you with a +0 dagger.
* * * LOW HITPOINT WARNING * * *
The ball python bites you but does no damage.
You closely miss the orc wizard.
The orc wizard is heavily wounded.
The orc wizard hits you but does no damage.
The ball python bites you.
* * * LOW HITPOINT WARNING * * *
You hit the orc wizard but do no damage.
The orc wizard is heavily wounded.
The ball python closely misses you.
The orc wizard hits you but does no damage.
You barely miss the orc wizard.
The orc wizard is moderately wounded.
The ball python bites you but does no damage.
The orc wizard barely misses you.
You hit the orc wizard.
The orc wizard is heavily wounded.
The ball python bites you but does no damage.
The orc wizard gestures at you while chanting.
The puff of flame hits you.
You die...

####### .....##
###
######...#..<#
.......o@SB# #.#
#####...#...#
###.# ##...##.##
.....#
####.....#.#
..##.#
#..........#
#.##.#
#.##.....###
#.##.#
#.###.......
..##.# #.#
##.#####
.###.#####.####.#


You could see an orc wizard (invisible), a giant cockroach and a ball python.

Vanquished Creatures
  An orc (D:5)
  An endoplasm (D:4)
2 creatures vanquished.

Notes
Turn   | Place    | Note
-------+----------+-------------------------------------------
     0 | D:5      | Dreamer the Naga Delver began the quest for the Orb.
     0 | D:5      | Reached XP level 1. HP: 21/21 MP: 1/1
   116 | D:5      | Noticed a hound
   195 | D:3      | Noticed an orc wizard
   213 | D:3      | Killed from afar by an orc wizard

Illustrated notes

Levels and vault maps discovered:
D:3:      layout_loops_ring
D:4:      layout_basic, uniq_pargi
D:5:      layout_cave_pools, minmay_temple_entry_poolview,
          kennysheep_generic_room_14

Action                   || total
-------------------------++-------
Melee: Short sword       ||    28
Armor: Leather armour    ||    14
Dodge: Dodged            ||    15

Table legend: (Time is in decaauts)
 A = Elapsed time spent in this place.
 B = Non-inter-level travel time spent in this place.
 C = Inter-level travel time spent in this place.
 D = Time resting spent in this place.
 E = Time spent auto-exploring this place.
 F = Levels seen in this place.
 G = Mean time per level.
                   A        B        C        D        E       F      G
               +--------+--------+--------+--------+--------+-----+--------+
         Total |    239 |    239 |      0 |     91 |     23 |   3 |   79.7 |
       Dungeon |    239 |    239 |      0 |     91 |     23 |   3 |   79.7 |
               +--------+--------+--------+--------+--------+-----+--------+

Top non-repeatable levels by time:
     D:5: 137 daAuts
     D:3: 64 daAuts
     D:4: 37 daAuts
